 Dungeon Crawl Stone Soup version 0.32-a0-361-g289a535e89 (webtiles) character file.

Game seed: 10681036258250118432

46 hawla the Ducker (level 3, -6/19 HPs)
             Began as a Deep Elf Fire Elementalist on Feb 19, 2024.
             Mangled by a gnoll
             ... wielding a +0 whip
              (7 damage)
             ... on level 1 of the Dungeon.
             The game lasted 00:03:32 (1018 turns).

hawla the Ducker (Deep Elf Fire Elementalist)       Turns: 1018, Time: 00:03:33

Health: -6/19      AC:  3    Str:  5    XL:     3   Next: 44%
Magic:  8/9        EV: 13    Int: 21    God:
Gold:   9          SH:  0    Dex: 15    Spells: 7/8 levels left

rFire   . . .        (no weapon)
rCold   . . .        (no shield)
rNeg    . . .        a - +0 robe
rPois   .            (no helmet)
rElec   .            (no cloak)
rCorr   .            f - +0 pair of gloves
SInv    .            (no boots)
Will    .....        (no amulet)
Stlth   ++           (no ring)
HPRegen 0.23/turn    (no ring)
MPRegen 0.11/turn

%: no passive effects
@: very slightly contaminated
A: no striking features
a: no special abilities


You were on level 1 of the Dungeon.
You visited 1 branch of the dungeon, and saw 2 of its levels.

You collected 81 gold pieces.
You spent 72 gold pieces at shops.

Inventory:

Armour
 a - a +0 robe (worn)
 f - a +0 pair of gloves (worn)
Jewellery
 c - the ring "Opiuk" {Dex+3 SInv}
   (You acquired it on level 2 of the Dungeon)

   [ring of see invisible]

   Dex+3:     It affects your dexterity (+3).
   SInv:      It lets you see invisible.
Scrolls
 d - a scroll of poison {unknown}
 e - 3 scrolls of identify {unknown}


   Skills:
 + Level 3.6 Dodging
 + Level 3.5 Stealth
 - Level 3.0 Spellcasting
 + Level 2.0 Conjurations
 - Level 3.2 Fire Magic


You had 7 spell levels left.
You knew the following spells:

 Your Spells              Type           Power      Damage    Failure   Level
a - Foxfire               Conj/Fire      56%        2x1d6     4%          1

Your spell library contained the following spells:

 Spells                   Type           Power      Damage    Failure   Level
 Scorch                   Fire           32%        2d6       5%          2
 Inner Flame              Hex/Fire       10%        N/A       21%         3
 Volatile Blastmotes      Fire/Tloc      20%        2d11      21%         3
 Flame Wave               Conj/Fire      14%        2d6       41%         4


Dungeon Overview and Level Annotations

Branches:
Dungeon (2/15)

Altars:

Shops:
D:1 (   D:2 *


Message History

You can access your shopping list by pressing '$'.
The gnoll shouts!
Found 5 stones.
The gnoll shouts!
You hear a shout!
There is an escape hatch in the ceiling here.
Casting: Foxfire (safe; 4% risk of failure)
Confirm with . or Enter, or press ? or * to list all spells.
You conjure some foxfire!
What are your orders? t - Shout!
Orders for allies: a - Attack new target. r - Retreat! s - Stop attacking. g - Guard the area. f - Follow me.
Anything else - Cancel.
You shout for attention!
You start resting.
Magic restored.
There's nothing to close nearby.
You open the door.
There are monsters nearby!
The gnoll attacks as it pursues you! The gnoll hits you with a +0 whip.
The gnoll attacks as it pursues you! The gnoll hits you with a +0 whip.
The gnoll attacks as it pursues you! The gnoll barely misses you.
The gnoll attacks as it pursues you! The gnoll barely misses you.
There is a stone staircase leading up here.
The gnoll hits you with a +0 whip.
You climb upwards.
There is a stone staircase leading down here.
Casting: Foxfire (safe; 4% risk of failure)
Confirm with . or Enter, or press ? or * to list all spells.
You miscast Foxfire.
You are very lightly contaminated with residual magic.
Nothing appears to happen.
The gnoll hits you with a +0 whip.
* * * LOW HITPOINT WARNING * * *
Unknown command.
Magic courses through your body. The gnoll hits you with a +0 whip.
* * * LOW HITPOINT WARNING * * *
Casting: Foxfire (safe; 4% risk of failure)
Confirm with . or Enter, or press ? or * to list all spells.
You conjure some foxfire!
The gnoll hits you with a +0 whip!
You die...

########### ##.........#
##...######.# ##.#.#.### #.#
#........# #.# #####
##.....#.###.##
#...####.....#.##v..#############
#...............@v#......#....†>[
#...####.....####g..####)#.######
#...# #....## ##.## #.#.# #...#
#.#.## #># #.#.#
....####.#.#######.# #.#.#
##.................# #.#.###
...#####.######.##.# #.....# ####
#.# #.##.# ###.#.# #### #.#
#.##.# ##....#


You could see a gnoll (ally target).

Vanquished Creatures
  2 bats (D:1)
  An endoplasm (D:1)
  A giant cockroach (D:1)
  2 goblins (D:1)
  4 hobgoblins (D:1)
  4 jackals (D:1)
  4 kobolds (D:1)
  4 ball pythons (D:1)
  A frilled lizard (D:1)
  2 rats (D:1)
25 creatures vanquished.

Vanquished Creatures (others)
  45 foxfires (D:1)
45 creatures vanquished.

Grand Total: 70 creatures vanquished

Notes
Turn   | Place    | Note
-------+----------+-------------------------------------------
     0 | D:1      | hawla the Deep Elf Fire Elementalist began the quest for
                  | the Orb.
     0 | D:1      | Reached XP level 1. HP: 10/10 MP: 6/6
    35 | D:1      | Found Wares's Antique Weapon Shoppe.
   208 | D:1      | Reached XP level 2. HP: 11/15 MP: 5/8
   585 | D:1      | Reached XP level 3. HP: 19/19 MP: 7/9
   762 | D:1      | Found a faded altar of an unknown god.
   955 | D:2      | Found Caruce's Assorted Antiques.
   957 | D:2      | Identified a scroll of acquirement
   957 | D:2      | Acquired the ring "Opiuk" {Dex+3 SInv}
   964 | D:2      | Bought a scroll labelled HEUDDA RUNETEMP for 24 gold pieces
   964 | D:2      | Bought a scroll labelled NATTIY MOAGOF for 24 gold pieces
   964 | D:2      | Bought a scroll labelled NATTIY MOAGOF for 24 gold pieces
  1018 | D:1      | Mangled by a gnoll

Illustrated notes

Levels and vault maps discovered:
D:1:      dpeg_arrival_long_road, layout_loops_ring, serial_shops,
          nicolae_shop_just_a_little_nook, ebering_ecumenical_altar_mist,
          dreamdust_wishing_well
D:2:      layout_basic, serial_shops, shop_statue, chequers_avenue

Skill      XL: |  1  2  3 |
---------------+----------+-----
Dodging        | 3 |  3.6
Stealth        | 3 |  3.5
Conjurations   | 2 |  2.0
Spellcasting   | |  3.0
Fire Magic     | |  3.2

Action                     || total
---------------------------++-------
  Melee: Unarmed           ||    18
   Cast: Foxfire           ||    37
    Use: Scroll            ||     2
         Potion            ||     1
   Stab: Sleeping          ||     1
 Armour: Robe              ||    26
  Dodge: Dodged            ||    22

Table legend: (Time is in decaauts)
 A = Elapsed time spent in this place.
 B = Non-inter-level travel time spent in this place.
 C = Inter-level travel time spent in this place.
 D = Time resting spent in this place.
 E = Time spent auto-exploring this place.
 F = Levels seen in this place.
 G = Mean time per level.
                   A        B        C        D        E       F      G
               +--------+--------+--------+--------+--------+-----+--------+
         Total |   1018 |   1010 |      8 |     21 |    796 |   2 |  509.0 |
       Dungeon |   1018 |   1010 |      8 |     21 |    796 |   2 |  509.0 |
               +--------+--------+--------+--------+--------+-----+--------+

Top non-repeatable levels by time:
     D:1: 958 daAuts
     D:2: 59 daAuts
